 Dungeon Crawl Stone Soup version 0.21.0-3-g78d12a8 (console) character file.

51 removed the Ducker (level 4, 0/30 HPs)
             Began as a Halfling Fire Elementalist on Jan 9, 2018.
             Slain by an orc wizard
             ... wielding a cursed -3 dagger
              (1 damage)
             ... on level 2 of the Dungeon.
             The game lasted 00:02:58 (2134 turns).

removed the Ducker (Halfling Fire Elementalist)     Turns: 2134, Time: 00:02:59

Health: 0/30       AC:  2    Str:  9    XL:     4   Next: 7%
Magic:  0/6        EV: 16    Int: 13    God:
Gold:   65         SH:  0    Dex: 15    Spells: 5/6 levels left

rFire    . . .     SeeInvis .   a - +0 dagger
rCold    . . .     Gourm    .   (shield restricted)
rNeg     . . .     Faith    .   g - +0 robe
rPois    .         Spirit   .   (no helmet)
rElec    .         Reflect  .   (no cloak)
rCorr    .         Harm     .   (no gloves)
MR       .....                  (no boots)
Stlth    ++........             k - amulet of rage
HPRegen  0.10/turn              (no ring)
MPRegen  0.10/turn              (no ring)

@: very slightly contaminated
A: small, mutation resistance 1
a: Evoke Berserk Rage


You were on level 2 of the Dungeon.
You were not hungry.

You visited 1 branch of the dungeon, and saw 2 of its levels.

You collected 65 gold pieces.

Inventory:

Hand Weapons
 a - a +0 dagger (weapon)
 e - a +0 club
Armour
 d - a +0 leather armour
 g - a +0 robe (worn)
Jewellery
 k - an amulet of rage (around neck)
Scrolls
 h - a scroll of noise {unknown}
 l - a scroll of fear {unknown}
 o - a scroll of remove curse {unknown}
 p - a scroll of enchant weapon {unknown}
Potions
 i - a potion of mutation {unknown}
 n - a potion of flight {unknown}
 r - a potion of brilliance {unknown}
Books
 b - a book of Flames

   Spells                             Type                      Level
   a - Flame Tongue                   Conjuration/Fire             1
   b - Throw Flame                    Conjuration/Fire             2
   c - Conjure Flame                  Conjuration/Fire             3
   d - Inner Flame                    Hexes/Fire                   3
   e - Sticky Flame                   Conjuration/Fire             4
   f - Fireball                       Conjuration/Fire             5
Comestibles
 c - a ration


   Skills:
 - Level 2.3 Fighting
 + Level 3.1 Dodging
 - Level 2.1 Stealth
 - Level 1.5 Spellcasting
 - Level 0.7 Conjurations
 - Level 3.0 Fire Magic


You had 5 spell levels left.
You knew the following spells:

 Your Spells              Type           Power        Failure   Level  Hunger
a - Flame Tongue          Conj/Fire      #....        12%         1    ##.....


Dungeon Overview and Level Annotations

Branches:
Dungeon (2/15)

Altars:


Innate Abilities, Weirdness & Mutations

You are small and have problems with some larger weapons.
You are somewhat resistant to further mutation.


Message History

Unknown command.
You closely miss the orc wizard.
The orc wizard is severely wounded.
The orc wizard hits you but does no damage.
Unknown command.
You hit the orc wizard.
The orc wizard is severely wounded.
The orc wizard mumbles some strange words.
The orc wizard flickers and vanishes!
Deactivating autopickup; reactivate with Ctrl-A.
Something hits you.
Unknown command.
You hit something.
You hear some strange, mumbled words.
A puff of flame appears from out of thin air!
The puff of flame hits you!
* * * LOW HITPOINT WARNING * * *
Unknown command.
You miss something. Something hits you but does no damage. Something hits you.
You die...

#.##....##.#.#
###.##.#####...#####
#...##.#...........#
.......#.####..###.#
.................#.#
..........####>....#
#...#.#..## ###.###
###.#.#..# #.#
#.....#..#######@#
#####..........#{##
.. .#.######....g.#
###.#.# #...##......
#...#.# #... ......
#.###.# .....
...##.# ....#.#
#..... .#.# #
###.#.# #..##. .#..
......# .... ..
.####


You could see a goblin.

Vanquished Creatures
  An adder (D:2)
  An ooze (D:1)
  A worm (D:2)
  A leopard gecko (D:1)
  2 giant cockroaches (D:1)
  5 goblins
  8 hobgoblins
  A quokka (D:2)
  2 bats (D:1)
  3 frilled lizards
  4 kobolds
  3 rats
32 creatures vanquished.

Notes
Turn   | Place    | Note
-------+----------+-------------------------------------------
     0 | D:1      | removed the Halfling Fire Elementalist began the quest for the Orb.
     0 | D:1      | Reached XP level 1. HP: 11/11 MP: 3/3
   138 | D:1      | Reached skill level 1 in Fighting
   153 | D:1      | Reached XP level 2. HP: 14/18 MP: 0/4
   656 | D:1      | Reached XP level 3. HP: 24/24 MP: 0/5
  1771 | D:2      | Reached XP level 4. HP: 12/30 MP: 0/6
  2133 | D:2      | HP: 1/30 [something/puff of flame (11)]
  2134 | D:2      | Slain by an orc wizard

Skill      XL: |  1  2  3 |
---------------+----------+-----
Fighting       | 1 2 |  2.3
Dodging        | 3 |  3.1
Stealth        | |  2.1
Spellcasting   | |  1.5
Conjurations   | |  0.7
Fire Magic     | |  3.0

Action                   |  1- 3 |  4- 6 || total
-------------------------+-------+-------++-------
Melee: Club              |     3 |       ||     3
       Unarmed           |     1 |       ||     1
       Dagger            |   114 |    18 ||   132
 Cast: Flame Tongue      |    38 |     9 ||    47
 Stab: Sleeping          |     2 |       ||     2
  Eat: Chunk             |     4 |     1 ||     5
Armor: Robe              |    13 |     4 ||    17
Dodge: Dodged            |   104 |    11 ||   115
